 Dungeon Crawl Stone Soup version 0.28-a0-909-g796cbd3a86 (webtiles) character file.

Game seed: 4985528938220307465

5909 Peloso the Carver (level 10, -37/91 HPs)
             Began as a Minotaur Fighter on Nov 24, 2021.
             Was an Elder of Okawaru.
             Annihilated by a boulder beetle (47 damage)
             ... on level 9 of the Dungeon on Nov 25, 2021.
             The game lasted 00:21:30 (10975 turns).

Peloso the Carver (Minotaur Fighter)               Turns: 10975, Time: 00:21:31

Health: -37/91     AC: 25    Str: 23    XL:     10   Next: 53%
Magic:  7/9        EV:  9    Int:  5    God:    Okawaru [****..]
Gold:   477        SH: 11    Dex: 11    Spells: 9/9 levels left

rFire   . . .      SeeInvis .   a - +0 long sword
rCold   . . .      Faith    .   c - +0 kite shield
rNeg    . . .      Spirit   .   x - +0 plate armour
rPois   .          Reflect  .   (helmet restricted)
rElec   .          Harm     .   h - scarf {shadows}
rCorr   .          Rampage  .   i - +0 pair of gloves
Will    +....                   D - +1 pair of boots
Stlth   ..........              (no amulet)
HPRegen 0.25/turn               p - +4 ring of protection
MPRegen 0.11/turn               g - ring of willpower

@: heroic
A: horns 2, retaliatory headbutt
a: Renounce Religion, Heroism, Finesse


You were on level 9 of the Dungeon.
You worshipped Okawaru.
Okawaru was greatly pleased with you.
You visited 2 branches of the dungeon, and saw 10 of its levels.

You collected 477 gold pieces.

Inventory:

Hand Weapons
 a - a +0 long sword (weapon)
Missiles
 F - a throwing net (quivered)
Armour
 b - a +0 scale mail
 c - a +0 kite shield (worn)
 h - a scarf of shadows (worn)
 i - a +0 pair of gloves (worn)
 x - a +0 plate armour (worn)
 D - a +1 pair of boots (worn)
Jewellery
 f - a ring of protection from fire
 g - a ring of willpower (right hand)
 p - a +4 ring of protection (left hand)
 w - an amulet of reflection
 z - an amulet of faith
 A - a ring of protection from fire
Wands
 m - a wand of paralysis (11)
Scrolls
 e - a scroll of enchant weapon
 k - 3 scrolls of amnesia
 l - 2 scrolls of enchant armour
 o - 3 scrolls of silence {unknown}
 q - 2 scrolls of teleportation {unknown}
 r - a scroll of brand weapon
 t - 2 scrolls of fog {unknown}
 v - a scroll of magic mapping {unknown}
 y - a scroll of fear {unknown}
 C - a scroll of immolation {unknown}
 E - a scroll of noise {unknown}
 J - 2 scrolls of identify
 K - a scroll of torment {unknown}
Potions
 d - 2 potions of might
 n - a potion of flight {unknown}
 s - a potion of magic {unknown}
 u - a potion of mutation {unknown}
 B - a potion of brilliance {unknown}
 G - a potion of berserk rage {unknown}
 H - 3 potions of degeneration {unknown}


   Skills:
 + Level 9.5(14.5) Fighting
 + Level 12.5(17.5) Long Blades
 + Level 9.9(14.9) Armour
 + Level 2.7(7.7) Dodging
 + Level 1.1(6.1) Stealth
 + Level 6.9(11.9) Shields


You had 9 spell levels left.
You didn't know any spells.
Your spell library contained the following spells:

 Spells                   Type           Power      Damage    Failure   Level
 Apportation              Tloc           0%         N/A       100%        1
 Foxfire                  Conj/Fire      0%         2x1d4     100%        1
 Conjure Flame            Conj/Fire      0%         6-21      100%        3
 Inner Flame              Hex/Fire       0%         N/A       100%        3
 Flame Wave               Conj/Fire      0%         3d3       100%        4
 Animate Skeleton         Necr           Unusable   N/A       N/A         1
 Summon Small Mammal      Summ           Unusable   N/A       N/A         1

Dungeon Overview and Level Annotations

Branches:
Dungeon (9/15)             Temple (1/1) D:5            Lair (0/6) D:8
    Orc: D:9-12

Altars:
Cheibriados
Dithmenos
Elyvilon
Fedhas
Gozag
Kikubaaqudgha
Nemelex Xobeh
Okawaru
Qazlal
Trog
Uskayaw
Vehumet
Wu Jian
Yredelemnul
Zin

Shops:
D:4 ([(   D:6 [   D:8 (

Annotations:
D:4 2 transporters, confidenceinterval's ghost, amateur TeAE


Innate Abilities, Weirdness & Mutations

You have a pair of horns on your head.
You reflexively headbutt those who attack you in melee.


Message History

You are confused.
You feel invigorated.
You bump into the rock wall.
You bump into the rock wall.
You hit the boulder beetle.
The boulder beetle is almost dead.
You bump into the rock wall.
The boulder beetle leaps!
The boulder beetle curls into a ball and begins rolling!
You bump into the rock wall.
You feel less invigorated.
You feel less confused.
You feel like a meek peon again.
You hit the boulder beetle but do no damage.
The boulder beetle is almost dead.
The boulder beetle hits you!!!
* * * LOW HITPOINT WARNING * * *
The boulder beetle stops rolling and uncurls.
You hit the boulder beetle but do no damage.
You headbutt the boulder beetle, but do no damage.
The boulder beetle is almost dead.
The boulder beetle barely misses you. You furiously retaliate!
You headbutt the boulder beetle, but do no damage.
You barely miss the boulder beetle.
You headbutt the boulder beetle, but do no damage.
The boulder beetle is almost dead.
The boulder beetle barely misses you. You furiously retaliate!
You headbutt the boulder beetle.
Your shield prevents you from hitting the boulder beetle.
The boulder beetle is almost dead.
The boulder beetle bites you but does no damage.
You hit the boulder beetle but do no damage.
The boulder beetle is almost dead.
The boulder beetle leaps!
You gain the combat prowess of a mighty hero.
Aiming: Paralyse
Press: ? - help, Shift-Dir - straight line, f - boulder beetle
Aim: a boulder beetle (almost dead, chance to affect: 28%)
The boulder beetle easily resists.
The boulder beetle curls into a ball and begins rolling!
The boulder beetle hits you!!!
Ouch! That really hurt!
You die...

#.#
#.########
#........#
########.#
#.# #.# #.#
#.# #@#
##########B#
......B..○.#
############


You could see a boulder beetle (rolling).

Vanquished Creatures
  A cyclops (D:6)
  6 yaks (D:8)
  A steam dragon (D:9)
  Edmund (D:5)
  2 wargs
  A hornet zombie (D:8)
  A black bear (D:7)
  2 necrophages
  3 orc warriors
  6 ogres
  5 centaurs
  3 kobold brigands
  Blork the orc (D:5)
  4 bullfrogs
  4 gnoll sergeants (D:6)
  2 scorpions
  A water moccasin skeleton (D:4)
  10 howler monkeys
  A centaur zombie (D:7)
  10 orc priests
  9 hounds
  3 jellies
  3 gnoll shamans
  A centaur skeleton (D:4)
  An iron imp (D:7)
  2 iguanas
  8 orc wizards
  A killer bee zombie (D:7)
  A hound skeleton (D:4)
  8 gnolls (D:6)
  4 adders
  2 white imps
  An ufetubus (D:6)
  A worm (D:2)
  A dart slug (D:4)
  18 orcs
  4 bats
  9 endoplasms
  2 giant cockroaches
  11 goblins
  3 hobgoblins
  5 quokkas
  13 ball pythons
  4 frilled lizards
  13 kobolds
  5 rats
198 creatures vanquished.

Vanquished Creatures (others)
  A fungus (D:6)
  A plant (D:6)
2 creatures vanquished.

Grand Total: 200 creatures vanquished

Notes
Turn   | Place    | Note
-------+----------+-------------------------------------------
     0 | D:1      | Peloso the Minotaur Fighter began the quest for the Orb.
     0 | D:1      | Reached XP level 1. HP: 19/19 MP: 0/0
   223 | D:1      | Reached XP level 2. HP: 26/27 MP: 1/1
   895 | D:1      | Found a faded altar of an unknown god.
   957 | D:2      | Reached XP level 3. HP: 22/33 MP: 2/2
  1211 | D:2      | Reached skill level 3 in Long Blades
  1351 | D:2      | You fall into a shaft and drop 2 floors!
  1574 | D:2      | Reached XP level 4. HP: 39/41 MP: 3/3
  1714 | D:2      | Reached skill level 4 in Long Blades
  1976 | D:3      | Found a radiant altar of Vehumet.
  2461 | D:4      | Found Doina's Armour Emporium.
  2470 | D:4      | You fall into a shaft and drop 3 floors!
  2498 | D:7      | Noticed a bullfrog
  2499 | D:7      | Reached XP level 5. HP: 28/47 MP: 4/4
  2776 | D:7      | Reached skill level 5 in Fighting
  2776 | D:7      | Reached skill level 5 in Long Blades
  2776 | D:7      | Reached skill level 5 in Armour
  2776 | D:7      | Reached XP level 6. HP: 40/56 MP: 5/5
  2948 | D:7      | Reached skill level 1 in Dodging
  2949 | D:7      | Reached skill level 6 in Long Blades
  2963 | D:7      | Reached XP level 7. HP: 61/61 MP: 6/6
  3686 | D:5      | Entered Level 5 of the Dungeon
  3803 | D:5      | Reached skill level 7 in Long Blades
  3893 | D:5      | Noticed Blork the orc
  3922 | D:5      | Killed Blork the orc
  4221 | D:5      | Reached skill level 5 in Shields
  4221 | D:5      | Reached XP level 8. HP: 62/70 MP: 7/7
  4268 | D:5      | Found an ornate altar of the Wu Jian Council.
  4304 | D:5      | Found a staircase to the Ecumenical Temple.
  4312 | Temple   | Entered the Ecumenical Temple
  4322 | Temple   | Became a worshipper of Warmaster Okawaru
  4395 | D:5      | Noticed Edmund
  4410 | D:5      | Killed Edmund
  4631 | D:5      | Reached skill level 8 in Long Blades
  5451 | D:4      | Found Ceog's Antique Weapon Shoppe.
  5522 | D:4      | Found a transporter.
  5557 | D:4      | Found a transporter.
  5558 | D:4      | Noticed confidenceinterval's ghost (amateur TeAE)
  5813 | D:4      | Found Dahib's Weapon Emporium.
  6332 | D:6      | Reached skill level 9 in Long Blades
  6733 | D:6      | Identified the +5 flail "Vomipp" {pain, rC+}
  6758 | D:6      | HP: 1/71 [gnoll sergeant (3)]
  6765 | D:6      | Found a hide-covered altar of Uskayaw.
  6778 | D:7      | Reached * piety under Okawaru
  7074 | D:6      | Reached XP level 9. HP: 41/78 MP: 8/8
  7439 | D:6      | Reached skill level 10 in Long Blades
  7496 | D:6      | Reached ** piety under Okawaru
  7956 | D:6      | Found Molesoqot's Antique Armour Boutique.
  7999 | D:6      | Noticed a cyclops
  8163 | D:6      | Killed a cyclops
  8163 | D:6      | Reached *** piety under Okawaru
  8164 | D:6      | Reached skill level 11 in Long Blades
  8691 | D:6      | Reached XP level 10. HP: 68/90 MP: 9/9
  9268 | D:7      | Found a snail-covered altar of Cheibriados.
  9785 | D:8      | Reached skill level 12 in Long Blades
  9785 | D:8      | Reached skill level 1 in Stealth
  9789 | D:8      | Received a gift from Okawaru
  9809 | D:8      | Reached **** piety under Okawaru
 10060 | D:8      | Found a staircase to the Lair.
 10074 | D:8      | Found Valiynat's Weapon Emporium.
 10919 | D:9      | Noticed a boulder beetle
 10951 | D:9      | HP: 2/91 [boulder beetle (18)]
 10975 | D:9      | Annihilated by a boulder beetle

Illustrated notes

Levels and vault maps discovered:
D:1:      dpeg_arrival_round_c, layout_loops_corners,
          shapermc_ecumenical_altar_mp_highgroup
D:2:      layout_rooms, hangedman_glass_teeth, kennysheep_decorative_pillar
D:3:      layout_loops_cross, nicolae_vehumet_radiance
D:4:      layout_basic, gammafunk_ghost_mausoleum, serial_shops,
          nicolae_shop_bloodbath_and_beyond,
          nicolae_shop_temple_entry_statues_fountains, shop
D:5:      layout_cave_pods, mainiacjoe_overflow_boulevard, temple_hall,
          uniq_blork_the_orc, uniq_edmund
D:6:      lemuel_castle_with_subvaults [lemuel_castle_interior_carwin_2],
          layout_layer_cave, nicolae_uskayaw_dance_hall, serial_shops,
          nicolae_shop_behind_doors, dk_noncrumbling_4
D:7:      layout_loops_corners, slow_altar_2
D:8:      layout_rooms, lair_entry_dummy, grunt_decor_fettered, hex_tiny,
          nicolae_inconvenience_store
D:9:      layout_loops_ring
Temple:   eino_temple_rhombus

Skill      XL: |  1  2  3  4  5  6  7  8  9 10 |
---------------+-------------------------------+-----
Armour         | 4 5 6 8 9 |  9.9
Fighting       | 4 5 6 8 9 |  9.5
Long Blades    | 3 4 5 6 7 9 11 12 | 12.5
Shields        | 4 5 6 |  6.9
Dodging        | 1 2 |  2.7
Stealth        | 1 |  1.1

Action                   |  1- 3 |  4- 6 |  7- 9 | 10-12 || total
-------------------------+-------+-------+-------+-------++-------
Melee: Long sword        |    86 |    75 |   342 |   171 ||   674
       Headbutt          |    10 |    12 |    77 |    39 ||   138
Invok: Heroism           |       |       |     1 |     3 ||     4
Evoke: Wand              |       |       |       |     1 ||     1
  Use: Potion            |       |       |     2 |     2 ||     4
       Scroll            |       |       |     1 |     4 ||     5
Armor: Scale mail        |    34 |    47 |    34 |       ||   115
       Plate armour      |       |       |   170 |    84 ||   254
Dodge: Dodged            |    41 |    33 |   145 |    32 ||   251
Block: Buckler           |    17 |    18 |    83 |     2 ||   120
       Kite shield       |       |       |       |    56 ||    56

Table legend: (Time is in decaauts)
 A = Elapsed time spent in this place.
 B = Non-inter-level travel time spent in this place.
 C = Inter-level travel time spent in this place.
 D = Time resting spent in this place.
 E = Time spent auto-exploring this place.
 F = Levels seen in this place.
 G = Mean time per level.
                   A        B        C        D        E       F      G
               +--------+--------+--------+--------+--------+-----+--------+
         Total |  10990 |  10799 |    191 |   1502 |   6956 |  10 | 1099.0 |
       Dungeon |  10955 |  10764 |    191 |   1502 |   6953 |   9 | 1217.2 |
        Temple |     34 |     34 |      0 |      0 |      3 |   1 |   34.0 |
               +--------+--------+--------+--------+--------+-----+--------+

Top non-repeatable levels by time:
     D:7: 2283 daAuts
     D:6: 2220 daAuts
     D:5: 1581 daAuts
     D:4: 970 daAuts
     D:8: 961 daAuts
     D:1: 943 daAuts
     D:2: 918 daAuts
     D:3: 583 daAuts
     D:9: 492 daAuts
  Temple: 34 daAuts
